[Event "LEM Niedersachsen-Meister 2025"]
[Site "Verden"]
[Date "2025.01.04"]
[Round "6.1"]
[White "Abel, Dennes"]
[Black "von Mettenheim, Johannes"]
[Result "0-1"]
[ECO "A17"]
[WhiteElo "2381"]
[BlackElo "2333"]
[Annotator "TA"]
[PlyCount "102"]
[EventDate "2024.12.27"]
[EventType "swiss"]
[EventCountry "GER"]
[SourceTitle "playchess.com"]
[Source "ChessBase"]
[SourceQuality "1"]
[TimeControl "40/5400+30:1800+30"]

1. Nf3 d5 2. e3 Nf6 3. c4 e6 4. Nc3 b6 5. cxd5 exd5 6. g3 Bb7 7. Bg2 Nbd7 8. O-O a6 9. b3 Bd6 10. Bb2 O-O 11. Rc1 c5 12. d4 c4 13. Nd2 cxb3 14. Qxb3 a5 15. Nxd5 (15. Bxd5 $6 $11) 15... Nxd5 16. Bxd5 a4 17. Qc4 b5 $1 18. Qxb5 Ba6 $1 19. Qc6 $1 (19. Qxa4 Nb6 20. Qb3 Nxd5 21. Qxd5 Bxf1 $11) 19... Nb6 20. Bc4 Rc8 (20... a3 $11 21. Ba1 Rc8 22. Bxa6 Rxc6 23. Rxc6 Be7) 21. Bxa6 $16 Rxc6 22. Rxc6 Nd5 23. a3 Qe7 24. Nc4 Bb8 25. Bb5 h5 26. Bxa4 h4 27. Rc5 (27. Bc2 $16) 27... Nf6 $1 $14 28. Rc1 (28. gxh4 Ne4 29. Rh5 g6 $17) (28. Bc6 $14) 28... Ne4 $1 $15 29. Rc6 {[%emt 0:04:17] [#]} ({White should try} 29. Rf5 $15) 29... Qg5 $1 $17 30. Bc2 $2 {[%emt 0:06:01] [#]} (30. f3 $17 {was worth a try.}) 30... Nxf2 $1 $19 31. Rc5 Qg4 32. Kxf2 hxg3+ 33. Ke1 gxh2 34. Kd2 Qg2+ 35. Kc3 h1=Q (35... h1=N $2 36. Rh5 g6 (36... Bh2 $2 37. Bh7+ Kh8 38. Be4+ Kg8 39. Bxg2 $18) 37. Rhxh1 $18) 36. Rxh1 Qxh1 37. Kb3 Ba7 38. Rc7 Qh2 39. Ne5 $2 (39. Rd7) 39... Bb8 40. Rb7 Rc8 41. Bf5 Rf8 $2 ({Black should play} 41... Rd8 $19 42. Nxf7 Re8) 42. Be4 $2 (42. Bc2 $1 $11 {and White stays safe.} Qg2 43. Rb5) 42... Bxe5 43. dxe5 Qh3 44. Bd5 Qxe3+ 45. Ka2 Qd3 46. Bb3 Qa6 47. Re7 (47. Rb4 $142) 47... Rb8 $19 48. e6 f6 49. Rd7 Qb5 (49... Rxb3 $142 50. Rxg7+ Kxg7 51. Kxb3 Qxe6+ 52. Kc2 Qe4+ 53. Kb3 Kh7 54. Bxf6 Qe6+ 55. Kb4 Qxf6 56. Kc4 Qc6+ 57. Kd4 Kg6 58. Kd3 Qa4 59. Ke3 Kf5 (59... Qxa3+ {leads to mate.} 60. Ke4 Qa4+ 61. Ke3 Kf5 62. Kf3 Qe4+ 63. Kf2 Kg4 64. Kg1 Kf3 65. Kh2 Qc2+ 66. Kh3 Qh7#) 60. Kd3 Kf4 (60... Qxa3+ 61. Kd4 Qb4+ 62. Kd5 Kf6 63. Kc6 Ke6 64. Kc7 Qb5 65. Kc8 Kd6 66. Kd8 Qd7#) 61. Kd2 Qb3 (61... Qxa3 62. Kc2 Ke4 63. Kb1 Kd4 64. Kc2 Qa2+ 65. Kd1 Kd3 66. Ke1 Qe2#) 62. a4 Ke4 (62... Qxa4 63. Kd3 Qb4 64. Ke2 Qd6 65. Kf1 Kf3 66. Ke1 Qd8 67. Kf1 Qd1#) 63. a5 Qb2+ 64. Ke1 Ke3 65. Kf1 Qf2#) 50. Rd8+ $19 Rxd8 51. e7+ Qxb3+ 0-1

[Event "LEM Niedersachsen-Meister 2025"]
[Site "Verden"]
[Date "2025.01.04"]
[Round "6.2"]
[White "Voege, Tobias"]
[Black "Polster, Christian"]
[Result "0-1"]
[ECO "D31"]
[WhiteElo "2292"]
[BlackElo "2252"]
[Annotator "TA"]
[PlyCount "90"]
[EventDate "2024.12.27"]
[EventType "swiss"]
[EventCountry "GER"]
[SourceTitle "playchess.com"]
[Source "ChessBase"]
[SourceQuality "1"]
[TimeControl "40/5400+30:1800+30"]

1. d4 d5 2. c4 e6 3. Nc3 c6 4. e4 dxe4 5. Nxe4 Bb4+ 6. Bd2 Qxd4 7. Bxb4 Qxe4+ 8. Be2 Na6 9. Bc3 Ne7 10. Nf3 f6 11. O-O e5 12. Nxe5 fxe5 13. Bh5+ g6 14. Re1 Qh4 $2 {[%emt 0:01:05] [#]} (14... Qxc4 $11 15. Rxe5 gxh5) 15. Rxe5 $2 (15. Bf3 $1 $18 Rf8 (15... Qxc4 $2 16. Rxe5 Bd7 17. Re4 $18) 16. Re4 (16. Rxe5 Bf5 $16)) 15... Rf8 $2 (15... gxh5 $15 {stays ahead.} 16. Qd6 (16. Rxh5 $2 Qg4 $19) 16... Bd7) 16. g3 $2 ({White has to play} 16. Bf3 $18 Bf5 17. Qe2) 16... Qf6 $11 (16... Qxc4 $2 17. Qd6 Qf7 18. Rae1 Qxf2+ 19. Kh1 $18) 17. Qe2 (17. Re2 Qf7 18. Qd4 Nc7 $15 (18... gxh5 19. Rae1 $11)) (17. Qd2 $11 gxh5 18. Rae1) 17... gxh5 $15 18. Re1 Rf7 19. Re4 $1 Qg5 (19... Qd6 $1 $15 20. Qxh5 Bf5 (20... Qg6 $2 21. Qh4 $18) 21. Rxe7+ Qxe7 22. Rxe7+ Kxe7) 20. Bd2 $1 $11 Qf6 (20... Qc5 $11 21. b4 Nxb4) 21. Bc3 $17 {[%emt 0:05:38] [#]} Qg5 ({Black should try} 21... Qd6 $1 $17 22. Qxh5 Kf8 (22... Qg6 $2 23. Qh4 $18)) 22. Bd2 $1 $11 Qf6 23. Qxh5 Be6 24. Rxe6 Qxf2+ 25. Kh1 O-O-O $1 26. Bg5 (26. Rxe7 $2 Rxe7 (26... Rxd2 $2 27. R7e2 $19) 27. Qg4+ Rdd7 $19 (27... Kb8 28. Qf4+ Qxf4 29. Bxf4+ Rc7 30. Re7 $19) (27... Red7 $2 28. Bc3 $19)) 26... Rd7 27. Bxe7 $2 (27. R6e2 $11 Qf5 28. Re5) 27... Rfxe7 28. Rxe7 Rxe7 (28... Qxb2 29. Rxd7 (29. Rxh7 Nc5 $18)) 29. Qg4+ Rd7 30. Rd1 $2 (30. Qe2 Qxe2 31. Rxe2) 30... Qf7 31. Kg2 Qg7 32. Qe6 $2 (32. Qxg7 Rxg7 33. Rd2) 32... Nc7 33. Qf5 (33. Rxd7 $142 Qxd7 (33... Nxe6 $2 34. Rxg7 Nxg7 35. Kf3 $19) 34. Qxd7+ Kxd7 35. Kf3) 33... Qxb2+ $19 34. Kh3 Qg7 $1 35. g4 Qf7 36. Rxd7 Qxd7 37. Qf2 (37. Qf8+ $142 Ne8 38. Kh4 Qd8+ 39. g5) 37... h5 $19 38. Qf5 hxg4+ 39. Kxg4 Ne8 40. h4 Kd8 (40... Ng7 $142 41. Qxd7+ Kxd7) 41. Qxd7+ (41. a4 $19) 41... Kxd7 42. Kg5 Ke6 43. Kg6 Nf6 (43... c5 $142 44. h5 b5 45. Kg5 Ke5 (45... bxc4 $2 46. h6 $19) 46. h6 Nf6 (46... bxc4 $2 {is the wrong capture.} 47. h7 $18) 47. h7 Nxh7+ 48. Kg4 Ke4 (48... bxc4 49. Kf3 $19) 49. cxb5 c4 50. Kh5 c3 51. Kg6 c2 52. Kf7 c1=Q (52... c1=R $2 53. Ke6 $19) 53. Ke6 Qc8+ 54. Kd6 Nf6 55. b6 axb6 56. Ke7 Ke5 (56... Nd5+ {is a self mate.} 57. Kf7 Kf5 58. Kg7 Qb7+ 59. Kh8 Kg6 60. Kg8 Qg7#) 57. Kf7 Qg8+ 58. Ke7 Qe8#) 44. a4 b6 45. Kg5 Ke5 0-1

[Event "LEM Niedersachsen-Meister 2025"]
[Site "Verden"]
[Date "2025.01.04"]
[Round "6.3"]
[White "Knuedel, Torben"]
[Black "Hampel, Felix"]
[Result "0-1"]
[ECO "B40"]
[WhiteElo "2308"]
[BlackElo "2343"]
[Annotator "TA"]
[PlyCount "82"]
[EventDate "2024.12.27"]
[EventType "swiss"]
[EventCountry "GER"]
[SourceTitle "playchess.com"]
[Source "ChessBase"]
[SourceQuality "1"]
[TimeControl "40/5400+30:1800+30"]

1. e4 c5 2. Nf3 e6 3. c3 Nf6 4. Bd3 d5 5. e5 Nfd7 6. Bc2 c4 7. O-O Nc6 8. Re1 g5 9. d4 (9. b3 $142) 9... cxd3 $11 10. Bxd3 g4 11. Nd4 Ncxe5 12. Bb5 (12. Bc2 {simplifies} h5 13. Be3 Rg8 14. Nd2) 12... Qf6 13. c4 dxc4 14. Be3 a6 15. Nc3 Be7 16. Bxd7+ (16. Ba4 {was worth a try.}) 16... Bxd7 $19 17. Ne4 {[%emt 0:07:23] [#]} (17. b3 $142) 17... Qg7 (17... Qg6 $1 $19 {[%cal Rg6e4] is more deadly.} 18. Bf4 Nd3) 18. Nd6+ $17 {[%emt 0:02:30] [#]} Kf8 $1 (18... Bxd6 19. Nf5 exf5 20. Qxd6 $17) 19. Nxb7 Nd3 {[%emt 0:01:52][%cal Og7g6] Wards off Nc5} 20. Re2 e5 $36 {[%emt 0:03:50][%mdl 2048] Black has strong initiative.} 21. Nb3 Bc6 22. N7c5 Bf3 {[%emt 0:01:57][%cal Oa8d8] A strong pair of Bishops.} 23. Nxd3 Bxe2 (23... cxd3 24. Qxd3 Bxe2 25. Qxe2) 24. Qxe2 cxd3 (24... cxb3 25. Nxe5 bxa2 26. Rxa2 $15) 25. Qxd3 Qg6 {[%emt 0:02:10] Prevents Qe4} 26. Qd7 Rd8 27. Qb7 Qe6 28. Re1 Kg7 29. f4 gxf3 30. Nd4 $2 (30. Qxf3 Rhg8 31. g3) 30... f2+ $2 (30... Rxd4 31. Bxd4 f2+ 32. Bxf2 $11) (30... exd4 31. Bxd4+ Rxd4 32. Rxe6 Bc5) 31. Bxf2 $19 Qd7 (31... exd4 $2 32. Rxe6 (32. Qxe7 $2 {is the wrong capture.} Qxe7 33. Rxe7 d3 $19) 32... Bg5 33. Qc7 $18 (33. Rxa6 d3 $18)) ({Weaker is} 31... Rxd4 32. Bxd4 Bf6 33. Bc3 $14) 32. Qxd7 Rxd7 33. Nf5+ (33. Rxe5 $142 Rc8 34. Nf5+ Kf6 35. Nxe7 Rxe7 36. Re1 Rxe1+ 37. Bxe1) 33... Kg6 34. Nxe7+ Rxe7 {[%emt 0:00:01][%mdl 4096] Endgame KRR-KRB} 35. b4 Rd8 36. a4 Rb7 37. Bc5 Rd5 {[%emt 0:00:43][%cal Oa6a5] ...a5! is the strong threat.} 38. Re3 {[%emt 0:00:54] [#]} (38. a5 $142) 38... a5 $1 39. Rg3+ (39. Re4 Kf5) 39... Kf5 40. Rf3+ Ke6 41. Rb3 Rxc5 0-1

[Event "LEM Niedersachsen-Meister 2025"]
[Site "Verden"]
[Date "2025.01.04"]
[Round "6.4"]
[White "Mueer, Sebastian"]
[Black "Nechitaylo, Nikita"]
[Result "0-1"]
[ECO "E20"]
[WhiteElo "2175"]
[BlackElo "2239"]
[Annotator "TA"]
[PlyCount "102"]
[EventDate "2024.12.27"]
[EventType "swiss"]
[EventCountry "GER"]
[SourceTitle "playchess.com"]
[Source "ChessBase"]
[SourceQuality "1"]
[TimeControl "40/5400+30:1800+30"]

1. d4 Nf6 2. c4 e6 3. Nc3 Bb4 4. f3 O-O 5. e4 d5 6. e5 Nfd7 7. cxd5 exd5 8. f4 c5 9. a3 Ba5 10. Be3 $1 Nc6 11. Nf3 cxd4 12. Nxd4 Bxc3+ (12... Bb6 $11 13. Qd2 (13. Nxd5 Bxd4 14. Bxd4 Ndxe5 $15) 13... Nc5) 13. bxc3 $14 Qa5 14. Rc1 Nc5 15. Be2 Nxd4 16. Bxd4 Bd7 17. O-O Rac8 (17... Bf5 $11 {remains equal.}) 18. f5 $16 Ba4 {[%emt 0:02:57] [#]} 19. Qe1 ({Better is} 19. Qd2 $1 $16) 19... Nb3 $14 20. Rd1 Nxd4 21. Rxd4 Bc2 22. Rf3 (22. f6 $11) 22... Be4 $1 $17 (22... Qxa3 $2 23. Qd2 (23. Rxd5 $2 Be4 $19) 23... Be4 24. Rg3 Bxf5 25. Qe3 $19) 23. Rh3 (23. Rg3 $142) 23... Bxf5 $17 (23... Qxa3 24. f6 $11) 24. Bg4 Bxg4 $1 25. Rxg4 Rc6 (25... Qxa3 26. Rgh4 h6 27. Rxh6 Qc5+ (27... gxh6 28. Qg3+ Kh7 29. Rxh6+ Kxh6 30. Qf4+ Kh5 31. Qf5+ Kh6 32. Qf4+ Kh7 33. Qh4+ Kg6 34. Qg4+ Kh6 35. Qf4+ $11) 28. Kh1 gxh6 29. Qg3+ Kh7 30. Qd3+ Kg7 31. Qg3+ Kh7 32. Qd3+ Kg7 33. Qg3+ Kh7 $11) 26. Rb4 b6 27. Qb1 (27. a4) 27... Qc5+ (27... Qxa3 28. Qxh7#) 28. Rd4 h6 (28... Qxa3 29. Qxh7#) 29. Qb3 (29. Qb4 $17) 29... Re8 $19 30. Re3 Rce6 31. Qxd5 Qxa3 (31... Rxe5 32. Qxc5 bxc5 33. Rxe5 Rxe5 34. Rd8+ Kh7 35. Rd7 $15) 32. Rd1 Qe7 33. Rf1 a5 (33... Rxe5 34. Rxe5 Qxe5 35. Qxf7+ Kh7 36. Qxa7 $17) 34. Ref3 Rxe5 35. Qxf7+ Qxf7 36. Rxf7 Rb5 37. R7f3 (37. h3 $142) 37... Rc8 38. Rd1 (38. Rc1 {was called for.}) 38... Rb3 $19 39. Rd6 b5 (39... Rbxc3 40. Rxc3 Rxc3 41. Rxb6 $17) 40. Ra6 $2 (40. Rb6) 40... a4 $19 (40... Rbxc3 41. Rxc3 Rxc3 42. Rxa5 $17) (40... Rcxc3 41. Ra8+ Kh7 42. Rxc3 Rxc3 43. Rxa5 $15) 41. Ra5 a3 (41... Rcxc3 $2 42. Rxc3 Rxc3 43. Rxb5 $19) 42. Kf2 Rb2+ (42... Rcxc3 43. Rxc3 Rxc3 44. Rxb5 $17) 43. Kg3 a2 44. Kh3 Rd8 45. Ra7 Rd1 46. Rg3 a1=Q (46... a1=B 47. Rgxg7+ Kf8 48. Raf7+ Ke8 49. Ra7 $11) 47. Rgxg7+ {[%emt 0:00:11] [#]} Kf8 $1 48. Raf7+ Ke8 49. Re7+ Kd8 50. Ref7 Rd3+ 51. g3 Re2 ({Worse is} 51... Rxc3 52. Rg8#) (51... Re3 $142 52. Rg8+ Re8 53. Rg6 Qh1 (53... Rxh2+ 54. Kxh2 Qa2+ 55. Kh3 Qxf7 56. Rd6+ Kc7 57. Rxh6 Qd7+ 58. Kg2 Qf5 59. Rf6 Re2+ 60. Kg1 Qxf6 61. g4 Qf2+ 62. Kh1 Qh2#) 54. Rd6+ Kc8 55. Re6 Rg8 (55... Rxe6 {gets mated.} 56. Rf8+ Kd7 57. Kg4 Qd1+ 58. Rf3 Rxh2 59. Kf4 Qd2+ 60. Re3 Qxe3+ 61. Kg4 Qe4#) 56. Re8+ Rxe8 57. Kg4 Qe4+ (57... Rxh2 58. Rc7+ Kxc7 59. Kf5 Qf3+ 60. Kg6 Rg8+ 61. Kh7 Qf7#) 58. Kh3 Qe6+ 59. Rf5 Qxf5+ 60. g4 Qf3+ 61. Kh4 Rxh2#) 0-1

[Event "LEM Niedersachsen-Meister 2025"]
[Site "Verden"]
[Date "2025.01.04"]
[Round "6.5"]
[White "Lammers, Markus"]
[Black "Stelmaszyk, Nico"]
[Result "1-0"]
[ECO "D27"]
[WhiteElo "2304"]
[BlackElo "2403"]
[Annotator "TA"]
[PlyCount "91"]
[EventDate "2024.12.27"]
[EventType "swiss"]
[EventCountry "GER"]
[SourceTitle "playchess.com"]
[Source "ChessBase"]
[SourceQuality "1"]
[TimeControl "40/5400+30:1800+30"]

1. Nf3 d5 2. c4 e6 3. e3 Nf6 4. d4 dxc4 5. Bxc4 a6 6. O-O c5 7. dxc5 Bxc5 8. Qxd8+ Kxd8 9. Be2 Ke7 10. Nbd2 Rd8 11. Ne5 Ke8 12. Rd1 Nbd7 13. Nb3 Be7 14. Nc4 b5 15. Nca5 Ne5 {[%emt 0:04:18] Prevents Nc6.} 16. Bd2 Ne4 17. Be1 Rxd1 18. Rxd1 Bd7 19. f3 Nc5 20. Bc3 f6 21. Nxc5 Bxc5 22. Kf2 Ra7 23. f4 Ng6 24. g3 Ne7 25. Bh5+ g6 26. Bf3 {[%emt 0:00:14][%cal Oa5b7] Nb7! is the strong threat.} Nf5 {[%emt 0:07:48] [#]} 27. Nb7 $1 ({Much weaker is} 27. Bxf6 Nxe3 28. Rc1 Bb6 $11) 27... Bb6 {[%emt 0:02:44] [#]} 28. Rd3 $1 $36 {[%emt 0:01:37][%mdl 2048] White is in control. White is more active.} Bc8 (28... e5 $16 29. fxe5 fxe5 30. Bxe5 Bc8) 29. Nd6+ $18 Nxd6 30. Rxd6 Bc7 (30... b4 $142 31. Bxf6 Ba5 32. Bc6+ Kf7) 31. Rc6 Kd7 32. Bd4 Rb7 33. Bxf6 Rb6 34. Rc1 Rd6 35. Ke2 Ba5 36. Rc2 {[%emt 0:00:09] Wards off Rd2+} Bd8 37. Be5 Rb6 38. Bd4 Rd6 39. Bc5 Rd5 40. e4 (40. Bxd5 exd5 41. Bf8 h5 $18) 40... Rh5 41. Bxh5 gxh5 42. Bd4 Bb7 43. Kf3 e5 44. Bxe5 Ke6 45. Bd4 Bxe4+ 46. Kxe4 1-0

[Event "LEM Niedersachsen-Meister 2025"]
[Site "Verden"]
[Date "2025.01.04"]
[Round "6.6"]
[White "Giorgadze, Giorgi Gel"]
[Black "Lichtmannecker, Daniel"]
[Result "1/2-1/2"]
[ECO "C01"]
[WhiteElo "2569"]
[BlackElo "2171"]
[Annotator "TA"]
[PlyCount "30"]
[EventDate "2024.12.27"]
[EventType "swiss"]
[EventCountry "GER"]
[SourceTitle "playchess.com"]
[Source "ChessBase"]
[SourceQuality "1"]
[TimeControl "40/5400+30:1800+30"]

1. e4 e6 2. d4 d5 3. exd5 exd5 4. Bd3 Nc6 5. c3 Bd6 6. Nf3 Nge7 7. O-O Bf5 8. Re1 {[%emt 0:00:53] The position is equal.} O-O 9. Qc2 Qd7 10. Nbd2 Rfe8 11. Nf1 Bxd3 12. Qxd3 Ng6 13. Ne3 Nce7 14. Bd2 Nf4 15. Qc2 c6 {[%emt 0:02:46] An uneventful encounter.   Weighted Error Value: White=0.02 (flawless) /Black=0.01 (flawless) .  OK:         	White=3     	Black=5} 1/2-1/2

[Event "LEM Niedersachsen-Meister 2025"]
[Site "Verden"]
[Date "2025.01.04"]
[Round "6.7"]
[White "Hoeffer, David"]
[Black "Bargsten, Justus"]
[Result "0-1"]
[ECO "D00"]
[WhiteElo "2322"]
[BlackElo "2228"]
[Annotator "TA"]
[PlyCount "96"]
[EventDate "2024.12.27"]
[EventType "swiss"]
[EventCountry "GER"]
[SourceTitle "playchess.com"]
[Source "ChessBase"]
[SourceQuality "1"]
[TimeControl "40/5400+30:1800+30"]

1. d4 d5 2. Nc3 Nf6 3. Bf4 e6 4. Nb5 Na6 5. e3 Be7 6. Nf3 {[%emt 0:00:10] D00: 1 d4 d5: Unusual lines.} O-O 7. h4 {[%emt 0:00:03] 7.h4 is the modern continuation.} c6 8. Nc3 Qb6 9. a3 c5 10. h5 h6 $146 ({Predecessor:} 10... Bd7 11. Rb1 h6 12. Ne5 Bc6 13. Bd3 Rad8 14. Rh3 Kh8 15. Qd2 Ne4 16. Nxe4 dxe4 {0-1 Abdusattorov,N (2716)-So,W (2753) Armageddon Grand Final L blitz 2023 (4.2)}) 11. Ne5 Bd7 12. Nxd7 Nxd7 13. Bb5 Nf6 14. a4 Qa5 15. Kf1 Nb8 16. dxc5 a6 17. Bd3 Qxc5 18. g4 Nh7 19. Qf3 Nc6 20. Qg3 f6 21. e4 d4 22. Ne2 Ng5 23. Bd2 e5 24. Kg2 Nb4 25. Bxb4 Qxb4 26. f4 (26. c3 $11 dxc3 27. bxc3) 26... exf4 $17 27. Qxf4 Bd6 (27... Qxb2 $2 28. Rhb1 $18) 28. Qf5 Be5 (28... Qxb2 $2 29. Rhb1 $18) 29. Rhd1 Rac8 (29... Qxb2 $2 30. Rdb1 $18) 30. Qf1 Qd6 (30... Qxb2 $2 31. Rdb1 Rxc2 32. Rxb2 Rxb2 33. Rb1 Rxb1 34. Qxb1 $18) 31. Ra3 Qc6 32. Qf5 Rfe8 33. Rb3 {[%emt 0:07:03] [#]} Rcd8 (33... Qxa4 $6 34. Rxb7 Ne6 35. b3 $11) (33... Nf7 $142 $1 34. Qg6 Nd6 (34... Qxa4 35. Rxb7 Rc7 36. b3 $11)) 34. Rb4 $17 Kh8 35. Rc4 Qb6 36. b4 Bb8 37. Rf1 (37. Rh1 $15) 37... Re5 $17 38. Qg6 {[%emt 0:00:21] [#]} (38. a5 $17 Qd6 39. Rxd4) 38... Qe6 $2 (38... Qd6 $1 $19 {is more deadly. ...b5 is the strong threat.} 39. b5 Rxe4 (39... axb5 $2 40. axb5 $19)) 39. Rf5 $17 (39. Rf4 Nf3 40. Kxf3 (40. Rxf3 $2 Rg5 $19) 40... Rg5 41. Rxd4 Rxd4 42. Nxd4 Qe5) 39... Rxe4 (39... Nxe4 $2 40. Rxe5 (40. Rxd4 Rxd4 41. Nxd4 Qe8 $18) (40. Nxd4 Qg8 $18) 40... Qxe5 41. Qxe4 $18 (41. Bxe4 Qh2+ 42. Kf1 Qh3+ 43. Bg2 Qe3 $18)) ({Black should try} 39... Qe7 $17 {Strongly threatening ...Ne6.} 40. Rxd4 Rxd4 (40... Nxe4 $2 41. Rxe5 Bxe5 42. Qxe4 $18) 41. Nxd4 Qxb4 42. Rxe5 Bxe5) 40. Bxe4 $4 (40. Rxg5 $11 Rxe2+ 41. Kf1 Re1+ 42. Kg2) 40... Qxe4+ (40... Qxc4 41. Rxg5 Qxe2+ 42. Kg1 Qe1+ (42... fxg5 43. Qh7#) 43. Kg2 Qe2+ (43... fxg5 44. Qh7#) 44. Kg1 Qe1+ (44... fxg5 45. Qh7#) 45. Kg2 Qe2+ $11 (45... fxg5 46. Qh7#)) 41. Kf1 Nh3 (41... Qxg4 $2 42. Rxd4 Qh3+ (42... Rxd4 43. Qe8+ Kh7 44. Qg6+ Kh8 45. Qe8+ Kh7 46. Qg6+ Kh8 $11) 43. Ke1 $17) (41... Qh1+ $142 42. Ng1 Bh2 43. Ke2 Qxg1 (43... Bxg1 44. Rxf6 Be3 45. Qxg7+ Kxg7 46. Rg6+ Kf8 47. Rf6+ Ke8 48. Rxd4 Bxd4 49. Rf5 Qg2+ 50. Kd1 Bb2+ 51. Rd5 Rxd5+ 52. Ke1 Nf3#) 44. Rf1 Qe3+ (44... Qxg4+ $2 45. Ke1 $19) 45. Kd1 Ne4 46. Qxe4 Qxe4 47. a5 Qg2 (47... Qxg4+ 48. Kc1 Qe2 49. Rf2 Qxc4 50. Rxh2 Re8 51. Rd2 Qc3 52. Rd1 Re2 53. Kb1 Qxc2+ 54. Ka1 Qxd1#) 48. Rf5 Qg1+ (48... Qxg4+ 49. Kc1 Qxf5 50. Rc5 Be5 51. Rc4 d3 52. c3 d2+ 53. Kb2 d1=Q 54. Re4 Qf2+ 55. Ka3 Qa1+ 56. Kb3 Qfa2#) 49. Kd2 Re8 (49... Qxg4 50. Rc7 Bxc7 51. Rf2 Bf4+ 52. Rxf4 Qxf4+ 53. Kd1 Re8 54. b5 Qf1+ 55. Kd2 Qe1+ 56. Kd3 Qc3#) 50. Re5 Bxe5 (50... fxe5 51. c3 Qg2+ 52. Kc1 Rf8 53. Rc8 Rxc8 54. g5 Rf8 55. cxd4 Rf1#) (50... Bf4+ 51. Kd3 Qd1+ 52. Ke4 Rxe5+ 53. Kxf4 Qf1+ 54. Kg3 Re3+ 55. Kh4 Qh3#) 51. Rxd4 Bxd4 (51... Qxd4+ 52. Kc1 Qf4+ 53. Kd1 Bc3 54. g5 Qf1#) 52. Kd3 Qe3+ (52... Qxg4 53. Kc4 Re3 54. c3 Qe6+ 55. Kxd4 Qe5+ 56. Kc4 Rxc3#) 53. Kc4 Rc8+ 54. Kd5 Qe5#) 42. Ke1 Re8 (42... Nf4 $2 43. Rxf4 Qh1+ 44. Rf1 $18 (44. Kd2 Bxf4+ 45. Nxf4 Qf3 $18)) (42... Bg3+ $142 43. Kd2 Qe3+ 44. Kd1 d3 (44... Nf4 $2 45. Nxg3 Nxg6 46. g5 $19) 45. Qe8+ Rxe8 46. cxd3 Qxd3+ (46... Qxe2+ 47. Kc1 Qe1+ 48. Kb2 Re2+ 49. Rc2 Qxb4+ 50. Ka1 Qa3+ 51. Kb1 Re1+ 52. Rc1 Rxc1#) 47. Kc1 Qxc4+ 48. Kb1 Rxe2 (48... Qxe2 49. Rd5 Qe4+ 50. Kb2 Qxd5 51. Kc1 Re2 52. Kb1 Qh1#) (48... Qxb4+ 49. Kc2 Rxe2+ 50. Kd3 Nf4+ 51. Rxf4 Rd2+ 52. Ke3 Qxf4#) 49. Rxf6 Qxb4+ 50. Kc1 Qe1#) 43. Qxe8+ $19 Qxe8 44. Rfc5 Kh7 ({And not} 44... Qxa4 45. Rc8+ Kh7 46. Rxb8 $11) (44... Qe3 $142 45. Rc8+ Kh7 46. Rxb8 Nf4 47. Kd1 Qxe2+ 48. Kc1 Qxc4 49. Rd8 d3 (49... Qxb4 $2 50. Rc8 $19) 50. Rxd3 Nxd3+ 51. Kd2 Nxb4 52. Ke3 Qc3+ (52... Nxc2+ 53. Kd2 Qb3 54. a5 Nd4 55. g5 fxg5 56. Ke1 Qa2 57. Kf1 Qh2 58. Ke1 Qe2#) 53. Kf2 Nd5 (53... Nxc2 54. g5 Qe3+ 55. Kf1 Qf3+ 56. Kg1 fxg5 57. a5 Ne3 58. Kh2 Qg2#) 54. g5 hxg5 (54... Qxc2+ 55. Kf3 fxg5 56. a5 Qd3+ 57. Kf2 Nf4 58. Kg1 Qf3 59. Kh2 Qg2#) 55. Kg2 Nf4+ (55... Qxc2+ 56. Kf3 Nf4 57. Ke3 Qd3+ 58. Kf2 Qe2+ 59. Kg3 Qg2#) 56. Kf2 Qd2+ (56... Nxh5 57. Kf1 Qxc2 58. Kg1 Qe2 59. a5 Nf4 60. Kh1 Qg2#) 57. Kf3 Qe2+ 58. Kg3 Qg2#) 45. Rc8 Qe6 (45... Qxa4 46. Rxb8 Qa1+ 47. Kd2 $11) (45... Bg3+ $142 46. Kd1 Qe3 (46... Qxa4 $2 47. Nxg3 Qa1+ 48. Kd2 $19) (46... Nf2+ $2 47. Kc1 $19) 47. Rh8+ Kxh8 48. Rc8+ Kh7 49. c4 d3 (49... Nf2+ {leads to mate.} 50. Kc2 Qxe2+ 51. Kb3 Nd3 52. Rh8+ Kxh8 53. c5 Nc1+ 54. Ka3 Qa2#) 50. Re8 Nf2+ (50... Qxe8 51. Nxg3 Qe3 52. Ne4 Qe2+ 53. Kc1 Qc2#) 51. Ke1 Ne4+ 52. Kf1 Qf2#) 46. Kd1 Be5 47. Kc1 Qxg4 48. Nc3 Qg5+ 0-1

[Event "LEM Niedersachsen-Meister 2025"]
[Site "Verden"]
[Date "2025.01.04"]
[Round "6.8"]
[White "Riemay, David"]
[Black "Bruns, Kai-Christian"]
[Result "1-0"]
[ECO "B21"]
[WhiteElo "2243"]
[BlackElo "2157"]
[Annotator "TA"]
[PlyCount "38"]
[EventDate "2024.12.27"]
[EventType "swiss"]
[EventCountry "GER"]
[SourceTitle "playchess.com"]
[Source "ChessBase"]
[SourceQuality "1"]
[TimeControl "40/5400+30:1800+30"]

1. e4 c5 2. d4 cxd4 3. c3 dxc3 4. Nxc3 e6 5. Nf3 Nc6 6. Bc4 a6 7. O-O b5 8. Be2 Bb7 9. Bf4 {[%emt 0:00:08] Wards off Qb8} d6 10. Rc1 Be7 11. Nxb5 e5 $1 ({Don't play} 11... axb5 $6 12. Bxb5 e5 13. Rxc6 $16 (13. Bxc6+ Bxc6 14. Rxc6 exf4 $17)) 12. Be3 axb5 13. Bxb5 Qd7 $1 14. Qc2 Rc8 {[%emt 0:00:53] Strongly threatening ...Nf6.} 15. Rfd1 {[%emt 0:00:05][%cal Of3e5] and Nxe5! should not be overlooked} Nf6 $2 {[%emt 0:02:24] [#]} (15... Qc7 $1 $11) 16. Nxe5 $1 $18 dxe5 17. Rxd7 Nxd7 18. Qa4 Ndb8 $2 (18... Ra8 19. Qb3 Rc8) 19. Qa7 Bf8 1-0